← All builds
Air / Cortex / Economy first / OBSERVED BUILD

Standard air

Cortex Air build order · Supreme Isthmus

Economy-first air build: Aircraft Plant then Advanced Metal Extractor and Fusion Reactor, making transports and scouts for allies while transitioning into fighters and occasional bombers over the whole game.

Usually transports first (78%)

#eco #air #team support · 1508 distinct matches · 252 players · 81% of Cortex Air games · team won 46% of 1813 · Recently observed

HOW TO PLAY IT

Key timing: Aircraft Plant by 1:24

  1. Open 3 mex and wind, then drop Aircraft Plant early.
  2. Finish Aircraft Plant and start fighters for scouting and defense.
  3. Eat the Aircraft Plant once production needs outgrow it.
  4. Get Advanced Metal Extractor up to scale eco.
  5. Bring Fusion Reactor online and keep feeding transports, scouts, fighters to allies.

Phase by phase

TYPICAL OF ITS 1508 GAMES
  1. 1
  2. 2
  3. 3
PLAY THE OPENING

Follow the example game's first 6:00 step by step: what to build now, what comes next, and where it goes. At 1× it keeps pace with your own game.

  1. 1

    Up to the Aircraft Plant

    Economy
    • Metal Extractor3Mex
    • Wind Turbine4Wind
    Order
    1. Aircraft PlantAircraft Plant after 3 mex, 4 winddone ~1:26, middle half 1:14–1:35

    Some games also: energy storage (38%)

    By 1:07 in all: 3 mex · 4 wind

    The example game in this phase · 5 steps
    1. Mex ×3
    2. Wind ×4
    3. Energy storage
    4. Solar
    5. Aircraft PlantAircraft Plantdone 1:41 · typical 1:26
  2. 2

    Aircraft Plant to 5:00

    Economy
    • Metal Extractor1Mex
    • Wind Turbine9Wind
    • Wind Turbine3Wind
    Builders
    • Construction Turret2 Con turret
    • Construction Aircraft1 Con aircraft
    Army
    • Valiant5 Valiant
    • Hercules2 Light transport for allies
    • Finch2 Finch for allies
    • Finch1 Finch
    • Hephaestus1 Heavy transport for allies

    Some games also: shuriken (49%) · energy storage (45%) · converter (44%) · light transport (40%)

    By 5:00 in all: 3 mex · 1 mex · 13 wind · 3 wind · 1 energy storage · 2 con turret

    The example game in this phase · 27 steps
    1. Wind
    2. ShurikenShuriken
    3. FinchFinchfor Geo sea
    4. HerculesLight transport
    5. ShurikenShuriken ×2
    6. HerculesLight transportfor Geo sea
    7. FinchFinch
    8. ShurikenShuriken
    9. Construction AircraftCon aircraft
    10. Con turret
    11. ValiantValiant
    12. Mex
    13. ValiantValiant ×3
    14. Wind
    15. Wind
    16. Wind ×4
    17. Wind
    18. Wind
    19. Con turret
    20. Converter
    21. Wind
    22. Converter ×2
    23. Wind
    24. Converter
    25. Wind ×2
    26. HerculesLight transportfor Tech
    27. Wind
  3. 3

    5:00 to 10:00

    Economy
    • Wind Turbine21Wind
    • Wind Turbine5Wind
    • Energy Converter6Converter
    Order
    1. Aircraft PlantEat Aircraft Plant
    2. Aircraft PlantAircraft Plant after 19 wind, 18 wind, 7 converterin 58% of games
    Builders
    • Construction Turret3 Con turret
    Army
    • Valiant9 Valiant

    Some games also: shuriken (47%) · fusion (38%) · con aircraft (35%) · light transport (31%)

    By 10:00 in all: 3 mex · 1 mex · 25 wind · 20 wind · 8 converter · 1 energy storage

    The example game in this phase · 142 steps
    1. Wind ×3
    2. Converter
    3. Wind
    4. Converter
    5. Wind
    6. Converter
    7. Wind
    8. Converter
    9. Wind
    10. ValiantValiant
    11. Con turret
    12. Advanced Metal ExtractorT2 mexdone 6:15 · typical 6:54
    13. ValiantValiant
    14. Wind
    15. ValiantValiant
    16. Wind
    17. ValiantValiant
    18. Wind
    19. Advanced Metal ExtractorT2 mex
    20. Wind ×2
    21. HerculesLight transport
    22. ValiantValiant ×2
    23. Advanced Metal ExtractorT2 mex
    24. ValiantValiant
    25. Wind
    26. ValiantValiant ×3
    27. Wind
    28. ValiantValiant ×2
    29. Wind
    30. ValiantValiant ×2
    31. Wind
    32. ValiantValiant
    33. Wind
    34. ValiantValiant
    35. Advanced Metal ExtractorT2 mex
    36. Wind
    37. ValiantValiant ×2
    38. Wind
    39. ValiantValiant ×3
    40. Wind
    41. ValiantValiant ×2
    42. Wind
    43. ValiantValiant
    44. Wind
    45. ValiantValiant
    46. Wind
    47. ValiantValiant
    48. Con turret
    49. ValiantValiant
    50. Wind
    51. ValiantValiant
    52. Wind
    53. ValiantValiant ×2
    54. Wind
    55. ValiantValiant ×2
    56. Wind
    57. ValiantValiant
    58. Wind
    59. ValiantValiant ×2
    60. Fusion ReactorFusiondone 11:35 · typical 10:52
    61. HerculesLight transportfor Geo sea
    62. Wind
    63. Con turret
    64. ValiantValiant
    65. Con turret
    66. ValiantValiant
    67. Wind
    68. ValiantValiant
    69. Con turret
    70. ValiantValiant
    71. Wind
    72. ValiantValiant ×2
    73. Wind
    74. ValiantValiant
    75. ShurikenShuriken ×2
    76. Wind
    77. ShurikenShuriken ×2
    78. FinchFinch
    79. Wind
    80. ShurikenShuriken ×3
    81. Wind
    82. ShurikenShuriken
    83. Fusion ReactorFusion
    84. ShurikenShuriken ×2
    85. ValiantValiant
    86. Converter
    87. Wind
    88. ValiantValiant ×2
    89. Converter
    90. ValiantValiant ×2
    91. Aircraft PlantAircraft Plantdone 12:26
    92. ValiantValiant
    93. Wind
    94. ValiantValiant ×2
    95. HerculesLight transport
    96. Wind
    97. ValiantValiant
    98. HerculesLight transport
    99. Converter
    100. ShurikenShuriken
    101. ValiantValiant
    102. ShurikenShuriken ×3
    103. Wind
    104. ValiantValiant
    105. ShurikenShuriken ×2
    106. ValiantValiant
    107. Converter
    108. ShurikenShuriken
    109. Converter
    110. ShurikenShuriken
    111. ValiantValiant
    112. ShurikenShuriken
    113. Converter
    114. ValiantValiant
    115. ShurikenShuriken
    116. Converter
    117. ValiantValiant ×4
    118. Con turret
    119. ValiantValiant ×5
    120. Converter
    121. ValiantValiant ×2
    122. Wind
    123. ValiantValiant ×2
    124. Converter
    125. ValiantValiant ×2
    126. Wind
    127. ValiantValiant ×2
    128. Converter
    129. ValiantValiant ×2
    130. Wind
    131. ValiantValiant ×2
    132. Converter
    133. Wind
    134. ValiantValiant ×2
    135. Converter
    136. ValiantValiant ×2
    137. Wind
    138. ValiantValiant ×2
    139. Converter
    140. ValiantValiant ×2
    141. Wind
    142. ValiantValiant

Counts are medians over the build's games: half of them build more, half fewer. The example game is Ubilosis's (31 OS, 12/09/2026); pick another.

Team trades

IN AT LEAST 30% OF ITS GAMES

You hand over

  • Finch2 Finch to Geo sea or Beach seafirst at 1:50 · in 96% of games
  • Hercules3 Light transport to Tech or Geo sea or Beach seafirst at 2:06 · in 99% of games
  • Hephaestus1 Heavy transport to Beach sea or Pond or Techfirst at 2:23 · in 71% of games

You get

  • Wind Turbine3 Wind from Beach sea or Geo seafirst at 1:37 · in 64% of games
  • Wind Turbine3 Wind from Beach sea or Geo sea or Pondfirst at 1:42 · in 46% of games
  • Construction Bot1 Con bot from Techfirst at 2:22 · in 88% of games
  • Advanced Construction Bot1 T2 con bot from Techfirst at 6:05 · in 96% of games

How it plays out

Typical game of this build, running totals by minute

Metal produced

010k20k30k
0:005:0010:0015:00

metal

Enemy metal destroyed

01k2k
0:005:0010:0015:00

metal

Own metal lost

01k2k3k
0:005:0010:0015:00

metal

1813 games.

Show as table
ByMetal produced: This buildEnemy metal destroyed: This buildOwn metal lost: This build
1:0039200
2:0092300
3:00145600
4:002052051
5:0027635173
6:003711102124
7:005089146167
8:006903190219
9:009285230270
10:0011761292379
11:0014370369533
12:0017069512781
13:00198597811101
14:002270412631689
15:002573618082409
WHAT THE NUMBERS SAY

Standard air play wins less than half its games, with very low combat losses and kills since the role mostly supports rather than fights.

  • + Own metal lost stays very low, only 2701 by 15:00.
  • + Metal production reaches 25740 by 15:00, a strong support economy.
  • − Team wins under half of games (47%).
  • − Enemy metal destroyed stays low at 2097 by 15:00, showing little direct impact.
THE EXAMPLE YOU ARE READING

Ubilosis

30.5 OS · 12/09/2026

Open source match ↗

5 received units · includes a constructor
654 metal received · 105640 energy received

Allied construction assistance is unknown. Timings are observations, not a promise of solo reproducibility.

Typical milestones

Aircraft Plant1:26Middle 50%: 1:14–1:35 · n=1813
Advanced Metal Extractor6:54Middle 50%: 6:27–7:26 · n=1753
Fusion Reactor10:52Middle 50%: 9:46–12:17 · n=1160

Played most by

TheGeneraI114games of this buildDad_The_Speedrunner72games of this buildHunfore62games of this buildDRM52games of this buildMilkdragon52games of this build